General information
- name: BNet
- type: Ladder team game (AT/RT)
- host: Battle.net
- saver: brucewillisusa
map: Deadlock
- players: 8
- length: 31:05
- speed: Fast
- version: 1.24 W3XP
- replay type: Public
» download(279 KB)
Players
team 1 (loser)
crownloser (
purple | 121 APM | 3770 actions | 31:04)
5 Archmage
2 Blizzard
3 Brilliance Aura
4 Mountain King
2 Storm Bolt
2 Bash
» actions
| Assign group hotkey | 28 | |
| Basic commands | 688 | |
| Build / train | 87 | |
| Enter build submenu | 24 | |
| Enter hero's abilities submenu | 9 | |
| Give item / drop item | 1 | |
| Right click | 1178 | |
| Select / deselect | 473 | |
| Select group hotkey | 1206 | |
| Use ability | 76 | |
3770 total
» units
| Peasant | 35 | |
| Footman | 3 | |
| Rifleman | 14 | |
52 total
» upgrades
| Masonry | 2 | |
| Gunpowder | 2 | |
| Lumber Harvesting | 1 | |
| Armor | 2 | |
| Long Rifles | 1 | |
8 total
» buildings
| Altar of Kings | 1 | |
| Barracks | 2 | |
| Farm | 9 | |
| Lumber Mill | 1 | |
| Blacksmith | 1 | |
| Arcane Vault | 1 | |
| Scout Tower | 4 | |
| Arcane Tower | 2 | |
| Guard Tower | 2 | |
| Keep | 3 | |
| Castle | 2 | |
| Workshop | 1 | |
29 total
» build order
00:10 Altar of Kings
00:23 Barracks
00:26 Barracks
00:35 Farm
01:29 Farm
01:42 Lumber Mill
02:30 Blacksmith
02:42 Arcane Vault
02:49 Farm
03:14 Farm
05:29 Scout Tower
05:31 Scout Tower
06:00 Arcane Tower
06:01 Guard Tower
06:03 Scout Tower
06:16 Scout Tower
06:34 Guard Tower
07:43 Keep
07:43 Keep
07:59 Arcane Tower
09:16 Farm
09:19 Farm
10:12 Castle
12:01 Farm
12:05 Farm
12:09 Farm
14:09 Castle
15:00 Workshop
» items
| Healing Salve | 1 | |
| Boots of Speed | 1 | |
2 total

»
Getblazed07 (
blue | 68 APM | 2120 actions | 31:04)
4 Blademaster
2 Wind Walk
2 Critical Strike
3 Shadow Hunter
1 Hex
2 Healing Wave
» actions
| Assign group hotkey | 19 | |
| Basic commands | 163 | |
| Build / train | 48 | |
| Enter build submenu | 17 | |
| Enter hero's abilities submenu | 8 | |
| Remove unit from queue | 4 | |
| Right click | 673 | |
| Select / deselect | 373 | |
| Select group hotkey | 729 | |
| Use ability | 86 | |
2120 total
» units
| Peon | 7 | |
| Grunt | 4 | |
| Raider | 4 | |
| Shaman | 4 | |
| Troll Witch Doctor | 2 | |
| Troll Batrider | 3 | |
24 total
» upgrades
| Shaman Training | 2 | |
| Witch Doctor Training | 2 | |
| Ensnare | 1 | |
5 total
» buildings
| Altar of Storms | 1 | |
| Orc Burrow | 9 | |
| Barracks | 1 | |
| Voodoo Lounge | 1 | |
| Stronghold | 1 | |
| War Mill | 1 | |
| Fortress | 1 | |
| Spirit Lodge | 2 | |
| Beastiary | 1 | |
18 total
» build order
00:03 Altar of Storms
00:17 Orc Burrow
00:51 Barracks
01:36 Orc Burrow
02:03 Voodoo Lounge
03:29 Stronghold
04:22 Orc Burrow
04:58 War Mill
05:02 Orc Burrow
06:39 Fortress
06:41 Spirit Lodge
06:44 Spirit Lodge
07:36 Beastiary
08:46 Orc Burrow
11:53 Orc Burrow
13:39 Orc Burrow
13:41 Orc Burrow
14:40 Orc Burrow
» items
| Lesser Clarity Potion | 1 | |
| Healing Salve | 1 | |
| Scroll of Town Portal | 1 | |
| Orb of Lightning | 1 | |
4 total

»
DoobieIsGood (
yellow | 86 APM | 2687 actions | 31:04)
4 Paladin
2 Holy Light
2 Divine Shield
4 Mountain King
2 Storm Bolt
2 Bash
» actions
| Assign group hotkey | 24 | |
| Basic commands | 174 | |
| Build / train | 69 | |
| Enter build submenu | 27 | |
| Enter hero's abilities submenu | 8 | |
| Right click | 862 | |
| Select / deselect | 442 | |
| Select group hotkey | 1006 | |
| Use ability | 75 | |
2687 total
» units
| Peasant | 13 | |
| Footman | 9 | |
| Mortar Team | 4 | |
| Flying Machine | 19 | |
45 total
» upgrades
| Defend | 1 | |
| Gunpowder | 2 | |
| Plating | 1 | |
| Flak Cannons | 1 | |
| Fragmentation Shards | 1 | |
6 total
» buildings
| Altar of Kings | 1 | |
| Farm | 9 | |
| Barracks | 2 | |
| Scout Tower | 2 | |
| Arcane Tower | 1 | |
| Keep | 1 | |
| Lumber Mill | 1 | |
| Blacksmith | 1 | |
| Workshop | 4 | |
| Guard Tower | 1 | |
| Arcane Vault | 1 | |
| Castle | 1 | |
25 total
» build order
00:22 Altar of Kings
00:49 Farm
01:09 Barracks
01:27 Farm
01:30 Farm
01:51 Barracks
02:09 Scout Tower
02:42 Farm
02:44 Arcane Tower
04:05 Keep
05:40 Lumber Mill
05:41 Blacksmith
07:38 Scout Tower
08:02 Workshop
08:03 Workshop
08:08 Guard Tower
08:09 Farm
08:44 Arcane Vault
08:49 Workshop
08:54 Farm
08:57 Castle
09:35 Workshop
09:50 Farm
12:31 Farm
12:32 Farm
» items
| Scroll of Regeneration | 2 | |
| Lesser Clarity Potion | 2 | |
4 total
HoneyBlunt (
orange | 70 APM | 2167 actions | 31:04)
5 Tauren Chieftain
2 War Stomp
3 Endurance Aura
5 Shadow Hunter
2 Hex
3 Healing Wave
» actions
| Assign group hotkey | 16 | |
| Basic commands | 161 | |
| Build / train | 55 | |
| ESC pressed | 5 | |
| Enter build submenu | 20 | |
| Enter hero's abilities submenu | 11 | |
| Right click | 976 | |
| Select / deselect | 379 | |
| Select group hotkey | 452 | |
| Use ability | 92 | |
2167 total
» units
» upgrades
| Berserker Strength | 1 | |
| Melee Weapons | 2 | |
| Armor | 1 | |
| Reinforced Defenses | 1 | |
| Witch Doctor Training | 2 | |
| Pulverize | 1 | |
| Spiked Barricades | 1 | |
9 total
» buildings
| Orc Burrow | 5 | |
| Barracks | 1 | |
| Altar of Storms | 1 | |
| Voodoo Lounge | 1 | |
| War Mill | 2 | |
| Stronghold | 3 | |
| Fortress | 3 | |
| Tauren Totem | 2 | |
| Spirit Lodge | 1 | |
| Watch Tower | 3 | |
| Great Hall | 4 | |
26 total
» build order
00:19 Orc Burrow
00:37 Barracks
01:06 Altar of Storms
01:43 Orc Burrow
02:07 Voodoo Lounge
02:45 War Mill
03:08 Stronghold
03:08 Stronghold
03:09 Stronghold
03:56 Orc Burrow
04:57 War Mill
05:48 Fortress
06:38 Orc Burrow
06:40 Orc Burrow
08:28 Tauren Totem
08:31 Tauren Totem
10:49 Spirit Lodge
10:56 Watch Tower
11:00 Watch Tower
12:37 Watch Tower
14:21 Great Hall
18:08 Great Hall
21:33 Great Hall
24:08 Great Hall
» items
| Boots of Speed | 1 | |
| Scroll of Town Portal | 2 | |
| Orb of Lightning | 1 | |
4 total
team 2 (winner)
niGhT_blOoDy (
red | 197 APM | 4280 actions | 21:46)
4 Death Knight
2 Death Coil
2 Unholy Aura
2 Lich
1 Frost Nova
1 Dark Ritual
» actions
| Assign group hotkey | 122 | |
| Basic commands | 331 | |
| Build / train | 80 | |
| ESC pressed | 8 | |
| Enter build submenu | 33 | |
| Enter hero's abilities submenu | 6 | |
| Give item / drop item | 1 | |
| Remove unit from queue | 1 | |
| Right click | 1525 | |
| Select / deselect | 445 | |
| Select group hotkey | 1609 | |
| Use ability | 117 | |
4280 total
» units
| Acolyte | 11 | |
| Ghoul | 6 | |
| Crypt Fiend | 17 | |
| Frost Wyrm | 2 | |
36 total
» upgrades
» buildings
| Graveyard | 1 | |
| Crypt | 1 | |
| Altar of Darkness | 1 | |
| Ziggurat | 9 | |
| Tomb of Relics | 1 | |
| Halls of the Dead | 1 | |
| Nerubian Tower | 1 | |
| Black Citadel | 8 | |
| Sacrificial Pit | 1 | |
| Boneyard | 2 | |
| Necropolis | 4 | |
30 total
» build order
00:09 Graveyard
00:11 Crypt
00:41 Altar of Darkness
01:00 Ziggurat
01:16 Tomb of Relics
02:02 Ziggurat
04:04 Ziggurat
05:18 Ziggurat
05:44 Halls of the Dead
06:12 Nerubian Tower
08:43 Ziggurat
09:08 Black Citadel
09:09 Black Citadel
09:09 Black Citadel
09:09 Black Citadel
10:49 Sacrificial Pit
11:20 Ziggurat
11:21 Ziggurat
12:01 Boneyard
12:15 Boneyard
12:29 Ziggurat
12:32 Ziggurat
18:07 Necropolis
19:29 Necropolis
20:19 Necropolis
21:06 Necropolis
» items
| Rod of Necromancy | 8 | |
| Dust of Appearance | 3 | |
| Sacrificial Skull | 1 | |
| Potion of Healing | 1 | |
| Scroll of Town Portal | 2 | |
| Orb of Corruption | 5 | |
| Scroll of Healing | 1 | |
21 total

»
brucewillisusa (
green | 70 APM | 2181 actions | 31:05)
8 Archmage
3 Blizzard
3 Brilliance Aura
1 Mass Teleport
1 Summon Water Elemental
» actions
| Assign group hotkey | 58 | |
| Basic commands | 72 | |
| Build / train | 83 | |
| ESC pressed | 2 | |
| Enter build submenu | 43 | |
| Enter hero's abilities submenu | 8 | |
| Give item / drop item | 2 | |
| Right click | 769 | |
| Select / deselect | 236 | |
| Select group hotkey | 770 | |
| Use ability | 138 | |
2181 total
» units
» upgrades
| Masonry | 3 | |
| Storm Hammers | 1 | |
| Lumber Harvesting | 2 | |
| Swords | 1 | |
| Armor | 1 | |
8 total
» buildings
| Altar of Kings | 1 | |
| Farm | 12 | |
| Scout Tower | 45 | |
| Lumber Mill | 1 | |
| Arcane Tower | 1 | |
| Guard Tower | 15 | |
| Keep | 1 | |
| Castle | 1 | |
| Gryphon Aviary | 3 | |
| Blacksmith | 1 | |
81 total
» build order
00:03 Altar of Kings
00:33 Farm
00:41 Scout Tower
00:45 Farm
01:19 Lumber Mill
02:12 Arcane Tower
02:14 Scout Tower
02:59 Guard Tower
03:22 Scout Tower
03:25 Scout Tower
03:56 Guard Tower
04:29 Keep
07:00 Castle
07:32 Gryphon Aviary
07:34 Gryphon Aviary
07:36 Gryphon Aviary
07:41 Farm
07:41 Farm
07:42 Farm
07:44 Farm
09:37 Scout Tower
09:37 Scout Tower
09:39 Scout Tower
09:39 Scout Tower
09:48 Scout Tower
09:49 Scout Tower
09:50 Scout Tower
10:10 Guard Tower
10:18 Guard Tower
10:48 Guard Tower
13:43 Scout Tower
13:44 Scout Tower
13:44 Scout Tower
13:45 Farm
13:46 Farm
13:47 Farm
14:22 Farm
14:22 Farm
14:22 Farm
16:27 Blacksmith
17:44 Scout Tower
17:45 Scout Tower
17:45 Scout Tower
17:46 Scout Tower
17:46 Scout Tower
18:31 Guard Tower
18:33 Scout Tower
18:33 Scout Tower
19:50 Guard Tower
20:05 Guard Tower
20:10 Scout Tower
20:11 Scout Tower
22:58 Scout Tower
22:58 Scout Tower
22:59 Scout Tower
22:59 Scout Tower
23:57 Guard Tower
23:59 Scout Tower
23:59 Scout Tower
23:59 Scout Tower
24:00 Scout Tower
24:19 Guard Tower
24:22 Guard Tower
24:23 Scout Tower
24:24 Scout Tower
24:25 Scout Tower
25:45 Guard Tower
26:20 Guard Tower
26:30 Scout Tower
26:31 Scout Tower
26:31 Scout Tower
26:31 Scout Tower
26:32 Scout Tower
27:01 Guard Tower
27:38 Guard Tower
27:41 Scout Tower
27:42 Scout Tower
27:42 Scout Tower
27:43 Scout Tower
» items
| Boots of Speed | 1 | |
| Staff of Teleportation | 1 | |
| Circlet of Nobility | 1 | |
| Lesser Clarity Potion | 3 | |
| Healing Salve | 2 | |
| Tiny Great Hall | 1 | |
| Scroll of Town Portal | 4 | |
| Potion of Invisibility | 1 | |
| Scroll of Healing | 2 | |
| Scroll of Protection | 2 | |
18 total
ursine.major (
teal | 48 APM | 1504 actions | 31:04)
4 Tauren Chieftain
2 Shockwave
2 Endurance Aura
3 Pandaren Brewmaster
2 Breath of Fire
1 Drunken Haze
1 Shadow Hunter
1 Hex
» actions
| Assign group hotkey | 1 | |
| Basic commands | 41 | |
| Build / train | 89 | |
| Enter build submenu | 29 | |
| Enter hero's abilities submenu | 8 | |
| Right click | 754 | |
| Select / deselect | 492 | |
| Use ability | 90 | |
1504 total
» units
| Peon | 20 | |
| Grunt | 7 | |
| Troll Witch Doctor | 8 | |
| Kodo Beast | 2 | |
| Tauren | 9 | |
| Spirit Walker | 2 | |
48 total
» upgrades
| Berserker Strength | 1 | |
| Armor | 2 | |
| Witch Doctor Training | 2 | |
| Melee Weapons | 2 | |
| War Drums Damage Increase | 1 | |
| Reinforced Defenses | 1 | |
| Pulverize | 1 | |
| Spirit Walker Training | 2 | |
12 total
» buildings
| Altar of Storms | 1 | |
| Orc Burrow | 12 | |
| Barracks | 1 | |
| Voodoo Lounge | 1 | |
| Stronghold | 1 | |
| War Mill | 1 | |
| Fortress | 1 | |
| Spirit Lodge | 1 | |
| Great Hall | 4 | |
| Beastiary | 1 | |
| Tauren Totem | 1 | |
| Watch Tower | 2 | |
27 total
» build order
00:09 Altar of Storms
00:24 Orc Burrow
00:48 Barracks
01:36 Orc Burrow
01:59 Voodoo Lounge
03:04 Stronghold
03:34 Orc Burrow
04:15 War Mill
05:00 Orc Burrow
05:43 Fortress
06:31 Spirit Lodge
06:43 Great Hall
06:56 Beastiary
06:58 Orc Burrow
09:13 Tauren Totem
13:11 Great Hall
15:44 Orc Burrow
18:37 Orc Burrow
20:31 Watch Tower
20:33 Watch Tower
22:42 Great Hall
22:57 Great Hall
23:19 Orc Burrow
23:41 Orc Burrow
25:45 Orc Burrow
26:02 Orc Burrow
26:11 Orc Burrow
» items
| Healing Salve | 1 | |
| Lesser Clarity Potion | 1 | |
| Boots of Speed | 1 | |
| Potion of Lesser Invulnerability | 1 | |
| Scroll of Town Portal | 2 | |
6 total

»
SchlackO (
pink | 53 APM | 1662 actions | 31:04)
4 Warden
2 Fan of Knives
2 Blink
» actions
| Assign group hotkey | 27 | |
| Basic commands | 60 | |
| Build / train | 94 | |
| ESC pressed | 2 | |
| Enter build submenu | 39 | |
| Enter hero's abilities submenu | 4 | |
| Remove unit from queue | 2 | |
| Right click | 628 | |
| Select / deselect | 430 | |
| Select group hotkey | 220 | |
| Use ability | 156 | |
1662 total
» units
| Wisp | 45 | |
| Archer | 9 | |
| Dryad | 9 | |
| Druid of the Claw | 8 | |
71 total
» upgrades
| Druid of the Claw Training | 2 | |
| Ultravision | 1 | |
| Strength of the Wild | 2 | |
| Reinforced Hides | 1 | |
| Mark of the Claw | 1 | |
| Abolish Magic | 1 | |
| Well Spring | 1 | |
9 total
» buildings
| Moon Well | 14 | |
| Altar of Elders | 1 | |
| Ancient of War | 1 | |
| Tree of Ages | 2 | |
| Hunter's Hall | 1 | |
| Ancient of Wonders | 1 | |
| Ancient of Lore | 4 | |
| Tree of Eternity | 1 | |
| Ancient Protector | 8 | |
| Tree of Life | 5 | |
38 total
» build order
00:20 Moon Well
00:35 Altar of Elders
00:46 Ancient of War
01:35 Moon Well
02:14 Moon Well
03:22 Tree of Ages
03:41 Hunter's Hall
04:53 Ancient of Wonders
05:45 Ancient of Lore
05:47 Ancient of Lore
05:48 Tree of Eternity
07:19 Moon Well
09:59 Moon Well
10:01 Moon Well
10:15 Moon Well
11:02 Ancient Protector
11:13 Ancient Protector
11:55 Tree of Life
15:06 Ancient Protector
15:07 Ancient Protector
19:46 Tree of Life
19:59 Moon Well
19:59 Moon Well
20:32 Moon Well
21:41 Tree of Life
23:47 Tree of Ages
24:32 Ancient Protector
24:36 Ancient Protector
25:21 Ancient Protector
25:23 Ancient Protector
26:14 Ancient of Lore
26:25 Ancient of Lore
28:13 Tree of Life
28:54 Moon Well
28:55 Moon Well
29:15 Tree of Life
29:17 Moon Well
30:33 Moon Well
» items
| Scroll of Town Portal | 1 | |
| Potion of Healing | 2 | |
| Orb of Corruption | 1 | |
4 total
Chat log
(00:53 / Allies) brucewillisusa: crown loser is their top guy
(00:59 / Allies) brucewillisusa: bring him down and the rest will follow
(03:28 / Allies) SchlackO: gj green
(03:48 / Allies) brucewillisusa: gg
(05:04 / Allies) ursine.major: brt
(05:06 / Allies) SchlackO: they waiting me out, need help
(05:23 / Allies) brucewillisusa: hjes their top guy
(05:26 / Allies) brucewillisusa: tkae him out rest follow
(05:34 / Allies) SchlackO: you already said that
(05:37 / Allies) SchlackO: it still doesn't make sense
(06:28 / Allies) brucewillisusa: any1 got units?
(06:35 / Allies) ursine.major: yeah but i was fighting orange
(08:22 / Allies) brucewillisusa: inc
(09:30 / Allies) ursine.major: care red
(09:43 / Allies) SchlackO: help?
(12:09 / Allies) brucewillisusa: ur lizards
(12:13 / Allies) ursine.major: wtf
(12:14 / Allies) ursine.major: thx
(12:19 / Allies) niGhT_blOoDy: wood?
(12:52 / Allies) niGhT_blOoDy: pink wood plz
(12:56 / Allies) brucewillisusa: i gave u 20-0
(13:01 / Allies) ursine.major: they have lust
(13:02 / Allies) ursine.major: care
(13:14 / Allies) SchlackO: i've got abolish
(13:20 / Allies) niGhT_blOoDy: i co ing
(13:23 / Allies) niGhT_blOoDy: tp
(13:57 / Allies) niGhT_blOoDy: b
(13:57 / Allies) niGhT_blOoDy: b
(13:57 / Allies) niGhT_blOoDy: b
(13:58 / Allies) niGhT_blOoDy: b
(14:00 / Allies) niGhT_blOoDy: use
(14:01 / Allies) niGhT_blOoDy: tp
(14:03 / Allies) brucewillisusa: suicide rofl
(15:13 / Allies) brucewillisusa: play defensive
(15:14 / Allies) brucewillisusa: dont run out
(15:17 / Allies) brucewillisusa: like a fucking idiot noob
(15:20 / Allies) brucewillisusa: b
(15:21 / Allies) brucewillisusa: tp
(15:57 / Allies) niGhT_blOoDy: b
(16:12 / Allies) ursine.major: if port its suicde
(16:17 / Allies) ursine.major: get out of the base
(16:33 / Allies) SchlackO: wtf i clicked potion..thats bullshit
(16:55 / Allies) SchlackO: whys everyone doing different shit while red dies
(17:03 / Allies) ursine.major: to port on that base was suicdee
(17:05 / Allies) brucewillisusa: "why isnt everyoen else suiciding with me"
(17:13 / Allies) SchlackO: 4v4 at red's base would have been suicide?
(17:17 / Allies) brucewillisusa: yes.
(17:27 / Allies) SchlackO: everyone doing different shit the whole time is suicide you fucking idiot
(17:34 / Allies) brucewillisusa: youre a noob
(17:35 / Allies) brucewillisusa: just leave the game
(17:48 / Allies) SchlackO: you're the fuckign noob that doesn't know what the fuck teamwork is, just shut your fucking face jackass
(17:55 / Allies) brucewillisusa: k.
(17:56 / Allies) brucewillisusa: leave
(18:12 / Allies) SchlackO: you leave fucker, go play 1v1 since you only know how to play for yourself
(18:19 / Allies) brucewillisusa: you should go play 1v1
(18:21 / Allies) brucewillisusa: so noone else pays
(18:22 / Allies) brucewillisusa: for how bad u r
(18:42 / Allies) brucewillisusa: i have mass tp
(18:46 / Allies) brucewillisusa: if 1 of them is alone
(18:51 / Allies) brucewillisusa: theuy have gyros tho
(19:09 / Allies) brucewillisusa: heal ward
(19:18 / Allies) brucewillisusa: im out
(19:39 / Allies) niGhT_blOoDy: b
(19:42 / Allies) brucewillisusa: fuck me
(20:25 / Allies) brucewillisusa: stay away from them
(20:28 / Allies) brucewillisusa: my basse is mass tower
(20:33 / Allies) brucewillisusa: its a base race now
(21:08 / Allies) SchlackO: spare gold?
(21:27 / Allies) brucewillisusa: w00d?
(21:29 / Allies) SchlackO: green? gold?
(21:37 / Allies) niGhT_blOoDy: b
(21:38 / Allies) brucewillisusa: some1 gimem wood
(23:25 / Allies) brucewillisusa: they have no more buildires
(23:26 / Allies) brucewillisusa: at all
(24:55 / Allies) brucewillisusa: dotn "stick with me"
(24:59 / Allies) brucewillisusa: it only slows downn my fFUC KING LAND
(25:10 / Allies) brucewillisusa: split up
(25:13 / Allies) brucewillisusa: and kill their fuckign biudlsigs
(25:52 / All) Getblazed07: why dont you upgrade your gryphs lolz
(26:15 / Allies) SchlackO: wood?
(26:44 / All) HoneyBlunt: are you using hacks?
(26:47 / All) brucewillisusa: NO
(27:18 / All) brucewillisusa: why WONT HE ATTACK ENEMY BUILDINGS?
(27:19 / Allies) SchlackO: wtf kill the bm
(27:21 / All) brucewillisusa: HES JUST WLAKING AROUDN INA FIELD
(27:26 / All) brucewillisusa: WAITING FOR HIS DEATH CERTIFICATE
(27:28 / All) brucewillisusa: TO FINISH PRINTING
(27:44 / Allies) ursine.major: gold me plz green
(27:49 / Allies) brucewillisusa: for more xp tomes
(27:52 / Allies) brucewillisusa: that only the enemy can use?
(28:03 / Allies) ursine.major: no so i can get my main hero
(28:04 / Allies) ursine.major: so i have aura
(28:06 / Allies) ursine.major: and can run around
(28:10 / Allies) brucewillisusa: attack
(28:11 / Allies) brucewillisusa: the fucking
(28:12 / Allies) brucewillisusa: enemy
(28:13 / Allies) brucewillisusa: and stop
(28:14 / Allies) brucewillisusa: begging res
(28:22 / Allies) brucewillisusa: do u udnerstanmd
(28:25 / Allies) brucewillisusa: that when their buildngs are dead
(28:26 / Allies) brucewillisusa: we win?
(28:28 / Allies) brucewillisusa: u understand that???
(28:32 / All) HoneyBlunt: gg bruce
(28:36 / Allies) ursine.major: this is a dumbass way to play
(28:36 / All) brucewillisusa: BG TEAL
(28:39 / Allies) ursine.major: seriously fucking stupid
(28:45 / All) brucewillisusa: HE TELLS ME NOW
(28:49 / All) brucewillisusa: "THIS IS ADUMB WAY TO PLAY"
(28:55 / All) brucewillisusa: HE WANTS TO "STAND AND FIGHT"
(29:00 / All) ursine.major: do you guys think he's a smart player?
(29:02 / All) HoneyBlunt: its very annoying to say least
(29:05 / All) ursine.major: honestly he plays like a pussy
(29:08 / All) Getblazed07: not really
(29:10 / All) ursine.major: no teamwork at all
(29:11 / All) brucewillisusa: honey blunt remember when i ated with clan pro2
(29:12 / All) Getblazed07: annoying
(29:13 / All) brucewillisusa: and it was this map
(29:13 / All) brucewillisusa: and this happened t us
(29:14 / All) ursine.major: and just runs around
(29:34 / Allies) SchlackO: thsi was such a dumbass game
(29:37 / Allies) SchlackO: no cooperation
(29:42 / Allies) brucewillisusa: youre a retard
(29:44 / Allies) brucewillisusa: you got carried hard
(29:49 / Allies) ursine.major: lol
(29:51 / Allies) brucewillisusa: say thx for teh gree win
(29:53 / Allies) SchlackO: cause i got attacked hard and got 0 help
(30:01 / Allies) ursine.major: it was a 3 v 4
(30:04 / Allies) ursine.major: he's a douche
(30:08 / Allies) ursine.major: and he has no idea how to play
(30:12 / Allies) ursine.major: don't worry about it pink
(30:14 / Allies) ursine.major: carried lol
(30:34 / All) brucewillisusa: lol
(30:35 / All) brucewillisusa: 2 farms
(30:37 / All) brucewillisusa: on red health
(30:38 / All) brucewillisusa: nice
(30:56 / All) brucewillisusa: 12honestly
(30:58 / All) brucewillisusa: this was a horrible game
(30:59 / All) brucewillisusa: rofl